 Dungeon Crawl Stone Soup version 0.21-a0-228-g14ccbf3 (webtiles) character file.

32 tof the Caller (level 3, -14/24 HPs)
             Began as a Merfolk Summoner on Aug 31, 2017.
             Demolished by Crazy Yiuf
             ... wielding a +2 quarterstaff of chaos
              (16 damage)
             ... on level 2 of the Dungeon.
             The game lasted 00:06:55 (1789 turns).

tof the Caller (Merfolk Summoner)                   Turns: 1789, Time: 00:06:56

Health: -14/24     AC:  3    Str:  8    XL:     3   Next: 27%
Magic:  1/6        EV: 13    Int: 15    God:
Gold:   27         SH:  0    Dex: 14    Spells: 5/6 levels left

rFire    . . .     SeeInvis .   k - +0 spear
rCold    . . .     Gourm    .   (no shield)
rNeg     . . .     Faith    .   r - +0 leather armour (curse)
rPois    .         Spirit   .   (no helmet)
rElec    .         Reflect  .   (no cloak)
rCorr    .         Harm     .   (no gloves)
MR       .....                  (no boots)
Stlth    ++........             (no amulet)
HPRegen  0.08/turn              (no ring)
MPRegen  0.10/turn              (no ring)

@: no status effects
A: change form in water, swift swim, stealthy swim
a: no special abilities


You were on level 2 of the Dungeon.
You were hungry.

You visited 1 branch of the dungeon, and saw 2 of its levels.

You collected 27 gold pieces.

Inventory:

Hand Weapons
 h - a +2 whip of electrocution
 k - a +0 spear (weapon)
Armour
 r - a cursed +0 leather armour (worn)
Wands
 p - a wand of iceblast (6/15)
Scrolls
 a - a scroll of fog {unknown}
 d - a scroll of magic mapping
 f - a scroll of remove curse
 m - a scroll of blinking {unknown}
Potions
 e - a potion of haste {unknown}
 g - 3 potions of heal wounds
 n - a potion of curing {unknown}
 o - a potion of magic {unknown}
Books
 b - a book of Callings

   Spells                             Type                      Level
   a - Summon Small Mammal            Summoning                    1
   b - Call Imp                       Summoning                    2
   c - Call Canine Familiar           Summoning                    3
   d - Summon Guardian Golem          Hexes/Summoning              3
   e - Summon Lightning Spire         Summoning/Air                4
   f - Summon Ice Beast               Ice/Summoning                4
Comestibles
 c - a bread ration
 i - a meat ration
 q - a chunk of flesh


   Skills:
 * Level 0.8 Polearms
 * Level 3.6 Dodging
 + Level 2.5 Stealth
 + Level 2.2 Spellcasting
 * Level 4.2 Summonings


You had 5 spell levels left.
You knew the following spells:

 Your Spells              Type           Power        Failure   Level  Hunger
a - Summon Small Mammal   Summ           ##..         5%          1    #......


Dungeon Overview and Level Annotations

Branches:
Dungeon (2/15)

Altars:

Annotations:
D:2 Crazy Yiuf


Message History

Crazy Yiuf sings, "Trees, trees, trees, circus!"
Crazy Yiuf closely misses you.
You hit Crazy Yiuf but do no damage.
Crazy Yiuf is moderately wounded.
Crazy Yiuf closely misses you.
You hit Crazy Yiuf but do no damage.
Crazy Yiuf is moderately wounded.
Crazy Yiuf closely misses you.
You hit Crazy Yiuf but do no damage.
Crazy Yiuf is moderately wounded.
Crazy Yiuf hits you with a quarterstaff of chaos!
* * * LOW HITPOINT WARNING * * *
You barely miss Crazy Yiuf.
Crazy Yiuf is moderately wounded.
Crazy Yiuf barely misses you.
You barely miss Crazy Yiuf.
Crazy Yiuf is moderately wounded.
Crazy Yiuf hits you with a quarterstaff of chaos!
Ouch! That really hurt!
You die...

#.#.#####..# #)..### ##.......
#.#.# ##..# #...'.####......##
#.#.####...# #...##b.#......###
#..........# ### ###.#....## #
#...##.....# ########
#...##.....# #....#.###.#### ###
#......# #.##.#####.###########
##.<.#.# #.##.@g..........ยง?...
......##)....########.###########
.........#.#.# #.# ####.........
#.# ####### ### #.# >.# ###


You could see Crazy Yiuf.

Vanquished Creatures
  A gnoll (D:1)
  2 dart slugs (D:1)
  3 giant cockroaches (D:1)
  3 hobgoblins
  2 frilled lizards (D:1)
  A goblin (D:1)
  A kobold (D:1)
  3 rats
16 creatures vanquished.

Vanquished Creatures (collateral kills)
  A bat (D:1)
  2 goblins (D:1)
  2 hobgoblins (D:1)
  4 kobolds (D:1)
  A frilled lizard (D:1)
  A rat (D:1)
11 creatures vanquished.

Grand Total: 27 creatures vanquished

Notes
Turn   | Place    | Note
-------+----------+-------------------------------------------
     0 | D:1      | tof the Merfolk Summoner began the quest for the Orb.
     0 | D:1      | Reached XP level 1. HP: 13/13 MP: 3/3
   531 | D:1      | Reached XP level 2. HP: 16/19 MP: 1/5
  1184 | D:1      | Reached XP level 3. HP: 23/24 MP: 6/6
  1704 | D:2      | Found a runed door.
  1708 | D:2      | Noticed Crazy Yiuf
  1789 | D:2      | Demolished by Crazy Yiuf

Vault maps used:
D:1:      dpeg_arrival_concentric_ovals
D:2:      regret_index_temple_of_mockery, uniq_crazy_yiuf_cottage

Skill      XL: |  1 |
---------------+----+-----
Dodging        | 3 |  3.6
Polearms       | |  0.8
Stealth        | |  2.5
Spellcasting   | |  2.2
Summonings     | |  4.2

Action                   || total
-------------------------++-------
Melee: Unarmed           ||    20
       Whip              ||    18
       Spear             ||    28
 Cast: Summon Small Mamm ||    48
  Use: Scroll            ||     3
       Potion            ||     1
 Stab: Sleeping          ||     3
  Eat: Chunk             ||     3
Armor: Robe              ||     9
Dodge: Dodged            ||    42

Table legend:
 A = Spawn XP
 B = Non-spawn XP
 C = Spawn XP percentage of total XP
 D = Spawn monster count
 E = Non-spawn monster count
 F = Spawn count percentage of total count
 G = Total turns spent on level
                    A         B        C        D         E        F      G
               +---------+---------+-------+---------+---------+-------+---------
         Total |       5 |      42 |  10.6 |       3 |      24 |  11.1 |  1789
               +---------+---------+-------+---------+---------+-------+---------
           D:1 |       5 |      39 |  11.4 |       3 |      22 |  12.0 |  1591
           D:2 |       0 |       3 |   0.0 |       0 |       2 |   0.0 |   198
               +---------+---------+-------+---------+---------+-------+---------
